 Dungeon Crawl Stone Soup version 0.22.1-6-g1668fe2 (webtiles) character file.

994 Fang the Chopper (level 8, -5/51 HPs)
             Began as a Gargoyle Berserker on Feb 5, 2019.
             Was a Priest of Trog.
             Slain by a worm (7 damage)
             ... on level 5 of the Dungeon.
             The game lasted 00:09:17 (5093 turns).

Fang the Chopper (Gargoyle Berserker)               Turns: 5093, Time: 00:09:18

Health: -5/51      AC: 15    Str: 24    XL:     8   Next: 19%
Magic:  8/8        EV:  9    Int:  5    God:    Trog [***...]
Gold:   272        SH:  0    Dex:  9    Spells: 7/7 levels left

rFire    . . .     SeeInvis .   u - +0 war axe
rCold    . . .     Gourm    .   (no shield)
rNeg     + . .     Faith    .   o - +0 chain mail
rPois    ∞         Spirit   .   (no helmet)
rElec    +         Reflect  .   (no cloak)
rCorr    .         Harm     .   (no gloves)
MR       .....                  (no boots)
Stlth    ..........             (no amulet)
HPRegen  0.17/turn              j - -2 ring of intelligence (curse)
MPRegen  0.11/turn              v - ring of attention (curse)

@: berserk cooldown, slowed, very slow
A: negative energy resistance 1, electricity resistance, unbreathing,
petrification resistance, rot immunity, AC +5
a: Berserk, Trog's Hand, Renounce Religion


You were on level 5 of the Dungeon.
You worshipped Trog.
Trog was most pleased with you.
You were near starving.

You visited 1 branch of the dungeon, and saw 5 of its levels.

You collected 272 gold pieces.

Inventory:

Hand Weapons
 u - a +0 war axe (weapon)
Armour
 o - a +0 chain mail (worn)
Jewellery
 j - a cursed -2 ring of intelligence (left hand)
 v - a cursed ring of attention (right hand)
Wands
 p - a wand of iceblast (24)
 s - a wand of random effects (12)
Scrolls
 d - 5 scrolls of identify {unknown}
 e - 3 scrolls of amnesia {unknown}
 f - a scroll of fog {unknown}
 i - 4 scrolls of teleportation {unknown}
 k - a scroll of blinking {unknown}
 l - 2 scrolls of magic mapping {unknown}
 q - a scroll of remove curse {unknown}
Potions
 a - a potion of might {unknown}
 b - a potion of degeneration {unknown}
 g - 2 potions of curing {unknown}
 h - a potion of heal wounds {unknown}
 m - 3 potions of agility {unknown}
 n - a potion of haste {unknown}
 r - a potion of berserk rage {unknown}
 t - a potion of mutation {unknown}
Comestibles
 c - 13 rations


   Skills:
 + Level 5.7 Fighting
 + Level 6.4 Axes
 + Level 3.8 Armour
 + Level 3.3 Dodging
 + Level 1.6 Stealth


You had 7 spell levels left.
You didn't know any spells.
Your spell library was empty.

Dungeon Overview and Level Annotations

Branches:
Dungeon (5/15)
 Temple: D:4-7

Altars:
Ashenzari
Elyvilon
Hepliaklqana
Makhleb
Ru
Trog
Uskayaw
Wu Jian

Shops:
D:4 ?


Innate Abilities, Weirdness & Mutations

You are resistant to torment.
Your stone body is resilient. (AC +5)
You are immune to poison.
You resist negative energy. (rN+)
You are resistant to electric shocks. (rElec)
You can survive without breathing.
You are immune to petrification.
You are immune to rotting.


Message History

The orc wizard blinks!
The orc hits you but does no damage.
The orc priest hits you but does no damage.
Unknown command.
You slash the orc priest!
You kill the orc priest!
Trog accepts your kill.
You slash the orc!
You kill the orc!
Trog accepts your kill.
You barely miss the worm. The worm bites you.
* * * LOW HITPOINT WARNING * * *
The worm bites you.
* * * LOW HITPOINT WARNING * * *
The orc wizard mumbles some strange words.
The orc wizard blinks!
Items here: ))))) [[[[ †† Unknown command.
The orc wizard mumbles some strange words.
The orc wizard blinks!
The worm bites you!
You die...

#####..........##.#.
...............##.#.
.##########'#########.##
..... ..(# #.#. .....
###############.#.
......#.................
......#)#############'#.
.....§))w...... #......
.......@....... #......
............... #......
............... #......
.#####......... #......
#......... #....._
#..§...... #......
+......... #...._.
#......... #......
#....._


You could see a worm.

Vanquished Creatures
  3 ogres
  A centaur (D:5)
  2 howler monkeys
  A hound (D:4)
  A bullfrog skeleton (D:5)
  4 orc priests
  2 orc wizards
  3 iguanas
  4 worker ants
  5 adders
  A gnoll (D:5)
  2 shadow imps (D:5)
  3 oozes
  An adder skeleton (D:5)
  2 dart slugs
  4 leopard geckos
  20 orcs
  4 bats
  5 giant cockroaches
  6 goblins (D:1)
  7 hobgoblins
  7 kobolds
  A quokka (D:4)
  A ball python (D:1)
  4 frilled lizards
  A jackal zombie (D:5)
  A quokka skeleton (D:4)
  5 rats (D:1)
101 creatures vanquished.

Notes
Turn   | Place    | Note
-------+----------+-------------------------------------------
     0 | D:1      | Fang the Gargoyle Berserker began the quest for the Orb.
     0 | D:1      | Reached XP level 1. HP: 14/14 MP: 1/1
   172 | D:1      | Reached XP level 2. HP: 6/19 MP: 2/2
   444 | D:1      | Reached skill level 3 in Axes
   740 | D:1      | Reached XP level 3. HP: 24/24 MP: 3/3
   819 | D:1      | Reached ** piety under Trog
  1677 | D:3      | Noticed an ogre
  1684 | D:3      | Killed an ogre
  1684 | D:3      | Reached XP level 4. HP: 15/30 MP: 4/4
  1684 | D:3      | Reached XP level 5. HP: 18/34 MP: 5/5
  1903 | D:3      | Reached skill level 4 in Axes
  2158 | D:3      | Reached XP level 6. HP: 24/39 MP: 6/6
  2806 | D:4      | Reached *** piety under Trog
  3156 | D:4      | Reached skill level 1 in Stealth
  3371 | D:4      | Reached skill level 5 in Axes
  3447 | D:4      | Reached XP level 7. HP: 41/44 MP: 7/7
  3486 | D:4      | Found Tofuku's Magic Scroll Shop.
  3641 | D:4      | Reached skill level 5 in Fighting
  3685 | D:4      | Found a hazy altar of Hepliaklqana.
  4049 | D:5      | Entered Level 5 of the Dungeon
  4049 | D:5      | Found a sacrificial altar of Ru.
  4049 | D:5      | Found a hide-covered altar of Uskayaw.
  4049 | D:5      | Found a shattered altar of Ashenzari.
  4049 | D:5      | Found an ornate altar of the Wu Jian Council.
  4049 | D:5      | Found a bloodstained altar of Trog.
  4051 | D:5      | Found a white marble altar of Elyvilon.
  4125 | D:5      | Found a burning altar of Makhleb.
  5068 | D:5      | Reached skill level 6 in Axes
  5068 | D:5      | Reached XP level 8. HP: 51/51 MP: 8/8
  5092 | D:5      | HP: 2/51 [worm (4)]
  5093 | D:5      | Slain by a worm

Skill      XL: |  1  2  3  4  5  6  7 |
---------------+----------------------+-----
Axes           | 3 4 5 6 |  6.4
Dodging        | 2 3 |  3.3
Fighting       | 4 5 |  5.7
Stealth        | 1 |  1.6
Armour         | 3 |  3.8

Action                   |  1- 3 |  4- 6 |  7- 9 || total
-------------------------+-------+-------+-------++-------
Melee: Hand axe          |   107 |   116 |    86 ||   309
       War axe           |       |       |    83 ||    83
Invok: Berserk           |     1 |     2 |     1 ||     4
  Eat: Chunk             |     2 |     9 |     5 ||    16
Armor: Animal skin       |    29 |    11 |       ||    40
       Chain mail        |       |    37 |   100 ||   137
Dodge: Dodged            |    67 |    61 |    83 ||   211
